 Dungeon Crawl Stone Soup version 0.17.1-1-g73c8601 (webtiles) character file.

578 Gargoyl the Skirmisher (level 7, -6/54 HPs)
             Began as a Demonspawn Abyssal Knight on Dec 16, 2015.
             Was an Elder of Lugonu.
             Killed from afar by Pikel (9 damage)
             ... with a wand of draining
             ... on level 4 of the Dungeon.
             The game lasted 00:09:55 (5507 turns).

Gargoyl the Skirmisher (Demonspawn Abyssal Knight)  Turns: 5507, Time: 00:09:55

Health: -6/54      AC: 13    Str: 15    XL:     7   Next: 13%
Magic:  0/9        EV: 11    Int: 13    God:    Lugonu [****..]
Gold:   230        SH: 12    Dex: 12    Spells: 0 memorised, 6 levels left

rFire  + . .     SeeInvis .     n - +1 war axe
rCold  . . .     Clarity  .     p - +0 scale mail
rNeg   . . .     SustAt   .     g - +1 large shield
rPois  .         Gourm    +     j - +2 helmet
rElec  .         Spirit   +     (no cloak)
rCorr  .         Warding  .     t - +1 pair of gloves
rMut   .         Stasis   .     (no boots)
MR     .....                    q - amulet of the gourmand
Stlth  ..........               (no ring)
                                u - +6 ring of evasion

@: heavily drained, not resistant to hostile enchantments, extremely unstealthy
A: talons 1, slimy green scales 1, fire resistance 1, magic shield
a: Depart the Abyss, Bend Space, Banish, Corrupt, Renounce Religion


You were on level 4 of the Dungeon.
You worshipped Lugonu.
Lugonu was greatly pleased with you.
You were completely stuffed.

You visited 1 branch of the dungeon, and saw 5 of its levels.
You visited the Abyss 1 time.

You collected 230 gold pieces.

Inventory:

Hand Weapons
 e - a +0 flail
 n - a +1 war axe (weapon)
Missiles
 a - a tomahawk of returning
 h - 3 tomahawks (quivered)
Armour
 g - a +1 large shield (worn)
 j - a +2 helmet (worn)
 p - a +0 scale mail (worn)
 t - a +1 pair of gloves (worn)
Jewellery
 q - an amulet of the gourmand (around neck)
 u - a +6 ring of evasion (left hand)
Scrolls
 b - 2 scrolls of amnesia
 d - 2 scrolls of remove curse
 f - 5 scrolls of identify
 l - a scroll of blinking
 r - a scroll of magic mapping {unknown}
 s - a scroll of enchant armour
Potions
 i - a potion of brilliance
 k - a potion of flight {unknown}
Comestibles
 c - 2 bread rations
 m - a beef jerky
 o - a meat ration
 v - 5 chunks of flesh


   Skills:
 + Level 4.2(2.7) Fighting
 + Level 2.6(1.2) Axes
 + Level 3.1(1.7) Armour
 + Level 4.0(2.6) Dodging
 + Level 0.6(0.0) Stealth
 + Level 2.9(1.5) Shields
 + Level 2.8(1.4) Invocations


You had 6 spell levels left.
You didn't know any spells.

Dungeon Overview and Level Annotations

Branches:
Dungeon (5/15)
 Temple: D:4-7

Altars:
Gozag

Annotations:
D:4 Blork the orc, Pikel


Innate Abilities, Weirdness & Mutations

You have sharp toenails.
You are partially covered in slimy green scales (AC +2).
Your flesh is heat resistant.
When hurt, damage is shared between your health and your magic reserves.


Message History

A slave comes into view.
You hit Pikel. You claw Pikel, but do no damage.
Pikel is lightly wounded.
Pikel zaps a wand.
The bolt of negative energy misses you.
It is a wand of draining.
Pikel zaps a wand.
The bolt of negative energy hits you!
You feel drained.
You miss Pikel. Your kick misses Pikel.
Pikel is lightly wounded.
Pikel hits you with a whip of electrocution.
You are electrocuted!
You completely miss Pikel.
Pikel is lightly wounded.
Pikel zaps a wand.
The bolt of negative energy hits you!
You feel drained.
* * * LOW HITPOINT WARNING * * *
Pikel hits you but does no damage.
You are electrocuted!
* * * LOW HITPOINT WARNING * * *
You closely miss Pikel. Pikel hits you but does no damage.
Your shield prevents you from hitting Pikel.
Pikel zaps a wand.
The bolt of negative energy hits you!
You feel drained.
You die...

.. ##. #.#..
###.#.. ..#.#.#
#.#.#p# #.#.#K#
#.#.#@# ###
###.#.#.##.....
#>)............
#.#.#.#.#######
#.#.#.#.# ...
#.......# ...
#.#.#.#.. . ...
#.#.#.#.# ..
#.#.#...#
#.#...


You could see Pikel and a slave.

Vanquished Creatures
  3 orc priests
  2 hounds (D:4)
  An iguana (D:4)
  3 orc wizards (D:3)
  A worker ant (D:4)
  4 gnolls (D:3)
  14 adders
  An ooze (D:1)
  An adder skeleton (D:4)
  3 worms
  2 giant geckos (D:2)
  18 orcs
  7 bats
  5 goblins
  8 hobgoblins
  2 jackals (D:3)
  3 quokkas
  7 ball pythons (D:2)
  6 giant cockroaches
  5 giant newts
  8 kobolds
  5 rats
109 creatures vanquished.

Notes
Turn   | Place    | Note
--------------------------------------------------------------
     0 | Abyss:1  | Gargoyl the Demonspawn Abyssal Knight began the quest for the Orb.
     0 | Abyss:1  | Reached XP level 1. HP: 18/18 MP: 2/2
    18 | Abyss:1  | Found a corrupted altar of Lugonu.
    50 | Abyss:1  | Noticed a rakshasa
    65 | D:1      | Escaped the Abyss
   253 | D:1      | Reached * piety under Lugonu
   413 | D:1      | Gained mutation: Your flesh is heat resistant. [demonic ancestry]
   413 | D:1      | Reached XP level 2. HP: 24/24 MP: 4/4
   418 | D:1      | Reached skill level 1 in Dodging
   649 | D:1      | Reached XP level 3. HP: 29/29 MP: 5/5
  1567 | D:2      | Gained mutation: You are partially covered in slimy green scales (AC +2). [demonic ancestry]
  1567 | D:2      | Reached XP level 4. HP: 6/35 MP: 6/6
  1911 | D:2      | Reached ** piety under Lugonu
  1969 | D:2      | Reached skill level 1 in Shields
  2586 | D:2      | Gained mutation: You have sharp toenails. [demonic ancestry]
  2586 | D:2      | Reached XP level 5. HP: 40/42 MP: 7/7
  3476 | D:3      | Reached *** piety under Lugonu
  3512 | D:3      | Gained mutation: When hurt, damage is shared between your health and your magic reserves. [demonic ancestry]
  3512 | D:3      | Reached XP level 6. HP: 43/48 MP: 8/8
  3617 | D:3      | Found an opulent altar of Gozag.
  3871 | D:3      | Found a faded altar to an unknown god.
  3879 | D:3      | Reached skill level 4 in Fighting
  5097 | D:4      | Noticed Blork the orc
  5115 | D:4      | You fall through a shaft!
  5115 | D:5      | Entered Level 5 of the Dungeon
  5359 | D:4      | Reached XP level 7. HP: 51/54 MP: 7/9
  5380 | D:4      | Reached **** piety under Lugonu
  5499 | D:4      | Noticed Pikel
  5507 | D:4      | Killed from afar by Pikel

Action                   |  1- 3 |  4- 6 |  7- 9 || total
-------------------------+-------+-------+-------++-------
Melee: Hand axe          |   154 |   130 |       ||   284
       War axe           |       |   156 |    35 ||   191
Invok: Depart the Abyss  |     1 |       |       ||     1
  Use: Potion            |     4 |     5 |       ||     9
       Scroll            |       |     6 |       ||     6
 Stab: Invisible         |       |     5 |       ||     5
  Eat: Fruit             |     5 |       |       ||     5
       Chunk             |       |    12 |     4 ||    16
       Beef jerky        |       |     1 |       ||     1
       Bread ration      |       |     1 |       ||     1
